 Dungeon Crawl Stone Soup version 0.30-a0-341-g682706514a (webtiles) character file.

Game seed: 10392551651894543355

110 Decritt the Magician (level 5, -12/40 HPs)
             Began as a Djinni Air Elementalist on Nov 4, 2022.
             Mangled by an iguana (13 damage)
             ... on level 3 of the Dungeon.
             The game lasted 00:03:24 (2042 turns).

Decritt the Magician (Djinni Air Elementalist)      Turns: 2042, Time: 00:03:25

Health: -12/40     AC:  2    Str:  7    XL:     5   Next: 14%
Gold:   129        EV: 12    Int: 18    God:
                   SH:  5    Dex: 14

rFire   + + .      SeeInvis .    g - +0 lajatang
rCold   x . .      Faith    .    (shield currently unavailable)
rNeg    . . .      Spirit   .    a - +0 robe
rPois   ∞          Reflect  +    (no helmet)
rElec   .          Harm     .    (no cloak)
rCorr   .          Rampage  .    (no gloves)
Will    .....                    (boots unavailable)
Stlth   ++........               l - amulet of reflection
HPRegen 0.26/turn                (no ring)
MPRegen 0.00/turn                (no ring)

@: flying, very slightly contaminated
A: sickness immunity, fire resistance 2, cold vulnerability 1, float, innate
caster, HP casting, extra vitality 1
a: no special abilities


You were on level 3 of the Dungeon.
You visited 1 branch of the dungeon, and saw 3 of its levels.

You collected 129 gold pieces.

Inventory:

Hand Weapons
 g - a +0 lajatang (weapon)
Armour
 a - a +0 robe (worn)
Jewellery
 l - an amulet of reflection (around neck)
Wands
 j - a wand of digging (7)
Scrolls
 c - a scroll of identify {unknown}
 d - a scroll of vulnerability {unknown}
 f - a scroll of silence {unknown}
 k - a scroll of magic mapping {unknown}
 m - 4 scrolls of enchant weapon {unknown}
 n - a scroll of teleportation {unknown}
Potions
 b - a potion of flight {unknown}
 e - a potion of curing {unknown}
 h - 2 potions of invisibility {unknown}
 i - a potion of brilliance {unknown}


   Skills:
 + Level 2.9 Fighting
 - Level 2.1 Dodging
 - Level 1.5 Stealth
 + Level 3.4 Spellcasting


You couldn't memorise any spells.
You knew the following spells:

 Your Spells              Type           Power      Damage    Failure   Level
a - Shock                 Conj/Air       60%        1d6       3%          1
b - Static Discharge      Conj/Air       30%        2-4/arc   6%          2
c - Swiftness             Air            15%        N/A       12%         3
d - Airstrike             Air            7%         2d(2-18)  36%         4
e - Foxfire               Conj/Fire      60%        2x1d7     3%          1
f - Poisonous Vapours     Pois/Air       30%        N/A       6%          2
Your spell library was empty.

Dungeon Overview and Level Annotations

Branches:
Dungeon (3/15)

Altars:
Okawaru


Innate Abilities, Weirdness & Mutations

You are immune to sickness and miasma.
You are immune to poison.
Your flesh is very heat resistant. (rF++)
You are vulnerable to cold. (rC-)
You float through the air rather than walking.
You learn spells naturally, not from books.
Your magical power is your life essence.
You have superior vitality. (+4 MHP)


Message History

Casting: Shock (safe; 3% risk of failure)
Confirm with . or Enter, or press ? or * to list all spells.
Aiming: Shock (safe; 3% risk of failure)
Press: ? - help, Shift-Dir - straight line, f/p - iguana
Aim: an iguana (75% to hit)
The zap hits the iguana.
The iguana is moderately wounded.
The iguana barely misses you.
Casting: Shock (safe; 3% risk of failure)
Confirm with . or Enter, or press ? or * to list all spells.
Aiming: Shock (safe; 3% risk of failure)
Press: ? - help, Shift-Dir - straight line, f/p - iguana
Aim: an iguana (lightly wounded, 75% to hit)
The zap hits the iguana.
The iguana is moderately wounded.
The iguana bites you!
You closely miss the iguana.
The iguana is moderately wounded.
The iguana bites you!
* * * LOW HITPOINT WARNING * * *
You hit the iguana but do no damage.
The iguana is moderately wounded.
You block the iguana's attack.
Unknown command.
Okay, then.
Casting: Shock (safe; 3% risk of failure)
Confirm with . or Enter, or press ? or * to list all spells.
Aiming: Shock (safe; 3% risk of failure)
Press: ? - help, Shift-Dir - straight line, f/p - iguana
Aim: an iguana (moderately wounded, 75% to hit)
The zap hits the iguana but does no damage.
The iguana is moderately wounded.
* * * LOW HITPOINT WARNING * * *
You block the iguana's attack.
You hit the iguana.
The iguana is heavily wounded.
The iguana bites you!
* * * LOW HITPOINT WARNING * * *
The iguana bites you!
You die...

#.### .### #.#.. ...#
#.#.###.#.#### #
#<#...........
##.#.........#...
..............>#
#..l........#
#..@........#
#.###.......# #
#.#####.#.#
###.........#
#..........#
#.#..####..# #########
#.#........#
........###+##.###...#
#)#..........#.###...#


You could see an iguana.

Vanquished Creatures
  A hound (D:2)
  An adder (D:2)
  A worm (D:2)
  2 dart slugs
  6 orcs
  5 ball pythons
  7 bats
  7 endoplasms
  A giant cockroach (D:2)
  6 hobgoblins
  3 jackals (D:2)
  A quokka (D:2)
  4 goblins
  7 kobolds
  3 rats
55 creatures vanquished.

Notes
Turn   | Place    | Note
-------+----------+-------------------------------------------
     0 | D:1      | Decritt the Djinni Air Elementalist began the quest for the
                  | Orb.
     0 | D:1      | Decritt set off with the following spells memorised: Shock,
                  | Static Discharge, Swiftness, Airstrike.
     0 | D:1      | Reached XP level 1. HP: 15/15 MP: 0/0
    51 | D:1      | Reached XP level 2. HP: 18/22 MP: 0/0
    86 | D:1      | Reached skill level 1 in Fighting
   432 | D:1      | Found a faded altar of an unknown god.
   510 | D:1      | Reached XP level 3. HP: 26/27 MP: 0/0
   510 | D:1      | Learned a level 1 spell: Foxfire
   750 | D:2      | Found an iron altar of Okawaru.
   800 | D:2      | Reached skill level 3 in Spellcasting
  1151 | D:2      | Reached XP level 4. HP: 30/33 MP: 0/0
  1467 | D:2      | Reached XP level 5. HP: 33/40 MP: 0/0
  1467 | D:2      | Learned a level 2 spell: Poisonous Vapours
  2042 | D:3      | HP: 1/40 [iguana (10)]
  2042 | D:3      | Mangled by an iguana

Illustrated notes

Levels and vault maps discovered:
D:1:      dpeg_arrival_rooms_with_view, layout_rooms,
          chequers_ecumenical_altar_simple_redux
D:2:      layout_loops_ring, basic_altar, wad_orctagon
D:3:      layout_basic, minmay_unequal

Skill      XL: |  1  2  3 |
---------------+----------+-----
Fighting       | 1 2 |  2.9
Spellcasting   | 3 |  3.4
Dodging        | |  2.1
Stealth        | |  1.5

Action                   |  1- 3 |  4- 6 || total
-------------------------+-------+-------++-------
Melee: Lajatang          |    10 |     3 ||    13
 Cast: Shock             |    64 |    52 ||   116
Armor: Robe              |     4 |     3 ||     7
Dodge: Dodged            |    19 |    13 ||    32
Block: Other             |       |     2 ||     2

Table legend: (Time is in decaauts)
 A = Elapsed time spent in this place.
 B = Non-inter-level travel time spent in this place.
 C = Inter-level travel time spent in this place.
 D = Time resting spent in this place.
 E = Time spent auto-exploring this place.
 F = Levels seen in this place.
 G = Mean time per level.
                   A        B        C        D        E       F      G
               +--------+--------+--------+--------+--------+-----+--------+
         Total |   2045 |   2017 |     28 |    291 |   1467 |   3 |  681.7 |
       Dungeon |   2045 |   2017 |     28 |    291 |   1467 |   3 |  681.7 |
               +--------+--------+--------+--------+--------+-----+--------+

Top non-repeatable levels by time:
     D:2: 978 daAuts
     D:1: 669 daAuts
     D:3: 398 daAuts
